 Dungeon Crawl Stone Soup version 0.25-a0-353-ged6d54792d (webtiles) character file.

Game seed: 1754146037977102727, levelgen mode: deterministic

574157 MirrMurr the Slayer (level 27, -6/170 HPs)
             Began as a Vine Stalker Berserker on Jan 1, 2020.
             Was the Champion of Trog.
             Mangled by an ettin
             ... wielding a +0 dire flail
              (37 damage)
             ... on level 2 of the Depths on Jan 2, 2020.
             The game lasted 02:55:54 (52854 turns).

MirrMurr the Slayer (Vine Stalker Berserker)       Turns: 52854, Time: 02:55:54

Health: -6/170     AC: 37    Str: 40    XL:     27
Magic:  0/27       EV: 20    Int:  7    God:    Trog [******]
Gold:   5201       SH: 30    Dex: 21    Spells: 26/26 levels left

rFire    + + +     SeeInvis .   a - +8 demon trident (elec)
rCold    + + +     Gourm    .   P - +0 large shield
rNeg     . . .     Faith    .   M - +6 gold dragon scales
rPois    +         Spirit   +   U - +0 helmet "Igopretz" {-Cast rF+ rC+ Str+4}
rElec    +         Reflect  +   g - +1 cloak of Starlight {rElec rC+ EV+4 Stlth--}
rCorr    .         Harm     .   q - +2 pair of gloves {archery}
MR       +++..     NoCast   +   B - +2 pair of boots {Fly}
Stlth    ..........             T - +6 amulet of reflection
HPRegen  1.18/turn              f - ring "Ryteil" {rPois rC+ Str+4}
MPRegen  0.20/turn              L - ring of Juecs {rF+ Str+6 Slay+6}

@: lethally poisoned (-6 -> -7), studying Fighting, silenced
A: fangs 3, regeneration 2, magic shield, antimagic bite, no potion heal 3, rot
immunity
}: 3/15 runes: barnacled, silver, gossamer
a: Renounce Religion, Evoke Flight


You were on level 2 of the Depths.
You worshipped Trog.
Trog was exalted by your worship.
You were not hungry.

You visited 9 branches of the dungeon, and saw 45 of its levels.
You visited 1 bazaar.
You also visited: Gauntlet and Ice Cave.

You collected 7258 gold pieces.
You spent 2057 gold pieces at shops.

Inventory:

Hand Weapons
 a - a +8 demon trident of electrocution (weapon)
 b - the +11 hunting sling of Midsummer {flame, Int+4}
   (You found it on level 2 of the Lair of Beasts)

   It causes projectiles fired from it to burn those they strike, causing extra
   injury to most foes and up to half again as much damage against particularly
   susceptible opponents.
   It affects your intelligence (+4).
 w - a +4 antimagic demon trident
Missiles
 j - 285 sling bullets
 p - 626 stones
 J - 3 throwing nets
 Q - 7 curare-tipped darts
 V - 57 silver javelins (quivered)
Armour
 g - the +1 cloak of Starlight (worn) {rElec rC+ EV+4 Stlth--}
   (You found it on level 3 of the Elven Halls)

   It affects your evasion (+4).
   It protects you from cold.
   It insulates you from electricity.
   It makes you much less stealthy.
 q - a +2 pair of gloves of archery (worn)
 B - a +2 pair of boots of flying (worn)
 M - +6 gold dragon scales (worn)
 P - a +0 large shield (worn)
 U - the +0 helmet "Igopretz" (worn) {-Cast rF+ rC+ Str+4}
   (You acquired it on level 5 of the Lair of Beasts)

   It affects your strength (+4).
   It protects you from fire.
   It protects you from cold.
   It prevents spellcasting.
Jewellery
 f - the ring "Ryteil" (left hand) {rPois rC+ Str+4}
   (You took it off a deep elf demonologist on level 3 of the Elven Halls)

   [ring of poison resistance]

   It affects your strength (+4).
   It protects you from cold.
   It protects you from poison.
 h - the ring "Atuaqefa" {rN+ MR+ rCorr Dex+2}
   (You found it on level 5 of the Vaults)

   [ring of resist corrosion]

   It affects your dexterity (+2).
   It protects you from negative energy.
   It affects your resistance to hostile enchantments.
   It provides partial protection from all sources of acid and corrosion.
 F - the ring "Hualosa" {rN+ SInv}
   (You took it off a deep elf death mage on level 3 of the Elven Halls)

   [ring of positive energy]

   It protects you from negative energy.
   It lets you see invisible.
 L - the ring of Juecs (right hand) {rF+ Str+6 Slay+6}
   (You found it on level 6 of the Lair of Beasts)

   [ring of slaying]

   It affects your strength (+6).
   It affects your accuracy and damage with ranged weapons and melee attacks
   (+6).
   It protects you from fire.
 T - a +6 amulet of reflection (around neck)
 Z - the ring "Ovaydann" {rPois rF+ AC+3 Int-4 SInv}
   (You bought it in a shop on level 2 of the Elven Halls)

   [ring of protection]

   It affects your AC (+3).
   It affects your intelligence (-4).
   It protects you from fire.
   It protects you from poison.
   It lets you see invisible.
Wands
 u - a wand of digging (9)
 v - a wand of paralysis (19)
 E - a wand of iceblast (27)
 K - a wand of acid (38)
Scrolls
 i - 3 scrolls of identify
 o - 2 scrolls of summoning
 r - 17 scrolls of remove curse
 x - a scroll of holy word
 y - 4 scrolls of blinking
 A - 15 scrolls of teleportation
 D - 11 scrolls of fog
 H - a scroll of magic mapping
 I - a scroll of enchant armour
 N - 2 scrolls of immolation
 O - 5 scrolls of fear
Potions
 d - 8 potions of might
 k - 20 potions of curing
 l - 7 potions of resistance
 m - 6 potions of cancellation
 n - 10 potions of haste
 s - 11 potions of flight
 t - 4 potions of mutation
 z - 5 potions of agility
 G - 2 potions of invisibility
 W - a potion of magic
 Y - 8 potions of ambrosia
Books
 R - a manual of Fighting
Miscellaneous
 e - 3 phantom mirrors
 X - 3 sacks of spiders
Comestibles
 c - 86 rations
 C - 3 chunks of flesh


   Skills:
 * Level 25.7 Fighting
 - Level 14.0 Polearms
 - Level 12.0 Slings
 + Level 14.4 Armour
 + Level 14.4 Dodging
 + Level 15.1 Shields
 - Level 4.1 Evocations


You had 26 spell levels left.
You didn't know any spells.
Your spell library was empty.

Dungeon Overview and Level Annotations

Branches:
Dungeon (15/15)            Temple (1/1) D:6            Lair (6/6) D:8
 Shoals (4/4) Lair:3       Spider (4/4) Lair:4        Slime (0/5) Lair:6
    Orc (2/2) D:10            Elf (3/3) Orc:2        Vaults (5/5) D:14
  Crypt (0/3) Vaults:2     Depths (5/5) D:15            Zot (0/5) Depths:5
  IceCv (visited)         Gauntlet (visited)

Altars:
Elyvilon
Gozag
Kikubaaqudgha
Makhleb
Nemelex Xobeh
Sif Muna
Trog
Xom
Yredelemnul
The Shining One
Beogh
Jiyva

Shops:
D:4 %   D:6 *   D:15 *   Orc:2 ((([   Elf:1 [=}=   Elf:2 }}=   Elf:3 %
Shoals:1 [   Vaults:2 [   Vaults:3 !:   Vaults:5 %   Depths:2 *}   Depths:4 *

Portals:
Hell: Lair:6 Depths:1 Depths:2 Depths:3 Depths:4 Depths:5
Abyss: Depths:3 Depths:4
Pandemonium: Depths:3
Ziggurat: Depths:1

Annotations:
Elf:2 28 runed doors
Depths:2 4 runed translucent doors, 1 transporter, exclusion: obsidian statue, Usmir's ghost, master KoEn


Innate Abilities, Weirdness & Mutations

You have razor-sharp teeth.
You heal very quickly.
When hurt, damage is shared between your health and your magic reserves.
Your bite disrupts and absorbs the magic of your enemies.
Potions cannot restore your health.
You are immune to rotting.


Message History

The ettin hits you with a +0 dire flail.
The ettin misses you.
The ettin hits you with a +1 dire flail of venom!
You block the ettin's attack.
The ettin hits you with a +1 dire flail of venom!!
You block the ettin's attack. The ettin misses you. The juggernaut hits you!!!!
The juggernaut hits you!!
* * * LOW HITPOINT WARNING * * *
There is a fountain of blood, spattered with blood here.
Unknown command.
The moth of wrath's fur bristles in rage as it notices you.
You block the deep troll's attack. The deep troll barely misses you.
The deep troll misses you.
A deep troll comes into view.
You block the ettin's attack. x3; The ettin hits you but does no damage.
You are poisoned.
The juggernaut rages.
The ettin barely misses you.
The ettin hits you with a +0 dire flail!!!
You die...

''####(# ##..('.÷.'...# #.#.
....##.# ###....#...#....#
#.#. ....'..#
#°#..#########..# #[#.
....##.# ###..#y##W##y#..#
#.#. ....##.#
#y#..####+####. # #.##
######.# #i#.....:_).....
#... # #.# #V#.....[[)....
#... # #.# #e#..CCi)[)..⌠.
#.<. ######.#
#T#..TC@.....T. #...
.......# ###............
###. .......# #############
## .......# #y#§#######
.......# #####..©..### #
######.# #y#.....#y# #
#.#########.....############
#.......................>.)[
##.#####################.###


You could see a juggernaut (berserk), a deep elf annihilator, 2 ettins, 2 deep
trolls, a vampire mage, a spriggan berserker, 3 moths of wrath, a spriggan air
mage, a deep troll earth mage and a silent spectre.

Vanquished Creatures
  An ancient lich (Depths:3)
  A juggernaut (Depths:1)
  Xtahua (Vaults:3)
  4 caustic shrikes (Depths:5)
  4 golden dragons (Vaults:5)
  A bone dragon (Depths:5)
  Jorgrun (D:15)
  5 tentacled monstrosities
  2 deep elf master archers (Elf:3)
  2 deep elf blademasters (Elf:3)
  3 liches
  Rupert (Lair:3)
  A quicksilver dragon (Depths:4)
  A kraken (Shoals:2)
  6 titans (Vaults:5)
  5 sphinxes
  Agnes (D:15)
  7 shadow dragons
  8 storm dragons
  14 fire giants
  5 tengu reavers
  13 frost giants
  Roxanne (Shoals:1)
  4 ghost moths (Spider:4)
  2 iron dragons
  5 deep elf sorcerers
  An orc warlord (Orc:2)
  4 emperor scorpions
  Aizul (Vaults:3)
  The ghost of PentaManta the Markscentaur, a journeyman CeHu of Dithmenos (D:15)
  21 ironheart preservers
  A draconian scorcher (Depths:5)
  16 vault wardens
  A draconian annihilator (Depths:5)
  2 deep elf elementalists (Elf:3)
  17 very ugly things
  12 stone giants
  4 war gargoyles
  2 spriggan defenders (Depths:4)
  7 deep elf demonologists
  3 entropy weavers
  A green draconian (Depths:5)
  2 vampire knights
  A purple draconian (Depths:5)
  Azrael (Spider:2)
  9 deep elf annihilators (Elf:3)
  A dire elephant (D:15)
  A minotaur (Gauntlet)
  A white draconian (Depths:5)
  7 spark wasps
  4 merfolk javelineers (Shoals:4)
  18 ettins
  An eidolon (Depths:3)
  6 deep elf death magi
  10 fire dragons
  7 merfolk impalers
  5 deep elf high priests
  16 yaktaur captains
  Fannar (Lair:3)
  14 ogre magi
  5 rakshasas
  10 great orbs of eyes
  A hell beast (Depths:4)
  8 ice dragons
  The ghost of sikcd the Fighter, a journeyman GnWn of Okawaru (D:11)
  31 vault guards
  A hydra (shapeshifter) (Vaults:1)
  3 hydras
  3 merfolk avatars
  The ghost of Vulpy the Severer, a novice MiBe of Trog (D:10)
  9 merfolk aquamancers
  2 death knights
  7 centaur warriors
  3 catoblepae
  6 spriggan air magi
  39 two-headed ogres
  A death scarab (Gauntlet)
  16 dancing weapons
  A satyr (Shoals:4)
  6 tengu warriors
  9 deep troll shamans
  A vampire mage (Depths:2)
  8 deep troll earth magi
  11 death yaks
  Urug (Lair:2)
  A sun demon (Depths:4)
  10 spriggan berserkers
  4 orc high priests (Orc:2)
  A soul eater (Depths:3)
  19 deep elf knights
  10 spriggans
  3 shadow wraiths
  A sixfirhy (Lair:6)
  6 iron trolls
  15 sea snakes
  A death drake (Depths:3)
  12 hell knights
  8 skeletal warriors
  2 unseen horrors (shapeshifter)
  A spectral hydra (Depths:3)
  A sea snake (shapeshifter) (D:12)
  22 deep trolls
  5 flayed ghosts
  13 deep elf archers
  3 unseen horrors
  4 lindwurms (Lair:6)
  A swamp dragon (shapeshifter) (Vaults:4)
  2 orange crystal statues (Depths:3)
  6 glowing orange brains
  4 necromancers
  20 orc knights
  4 wizards
  12 ironbrand convokers
  6 phantasmal warriors
  18 harpies
  11 manticores
  3 fauns
  7 orc sorcerers
  26 ugly things
  34 wolf spiders
  53 deep elf magi
  2 mana vipers (Depths:3)
  9 cyclopes
  A wolf spider (shapeshifter) (Vaults:5)
  18 orb spiders
  A salamander (shapeshifter) (Vaults:3)
  22 slime creatures
  An ice statue (IceCv)
  3 moths of wrath
  A fire giant zombie (Depths:3)
  12 water nymphs
  8 merfolk sirens
  A salamander (D:15)
  12 vault sentinels
  6 elephants
  2 gargoyles
  Joseph (D:7)
  A torpor snail (Lair:6)
  A smoke demon (Lair:6)
  2 molten gargoyles (Lair:3)
  4 black mambas
  2 kobold demonologists (D:12)
  A redback zombie (D:14)
  8 rime drakes
  8 spiny frogs
  4 komodo dragons
  A yaktaur (shapeshifter) (Elf:3)
  2 ice devils (Lair:6)
  6 tengu conjurers
  52 yaktaurs
  4 anaconda simulacra (Depths:3)
  12 demonic crawlers
  3 spectral merfolk (Depths:3)
  3 freezing wraiths
  2 queen bees (shapeshifter)
  3 red devils (Lair:6)
  18 polar bears
  31 merfolk
  A meliai (D:14)
  A meliai (shapeshifter) (Vaults:2)
  39 jumping spiders
  9 trolls
  A shadow dragon simulacrum (Depths:4)
  2 wind drakes (Shoals:4)
  8 blink frogs
  3 jumping spiders (shapeshifter)
  21 hornets
  12 hippogriffs
  A raiju (Depths:3)
  17 dream sheep
  A human simulacrum (Vaults:2)
  A meliai zombie (D:12)
  A blink frog (shapeshifter) (D:14)
  11 snapping turtles
  A spectral black mamba (Gauntlet)
  A centaur simulacrum (D:11)
  4 wyverns
  11 wraiths
  A tarantella (shapeshifter) (Vaults:3)
  69 redbacks
  11 shadows
  4 vampires
  26 water elementals
  45 yaks
  23 tarantellas
  Eustachio (D:4)
  2 yaks (shapeshifter) (Depths:2)
  A hog (shapeshifter) (Depths:3)
  2 air elementals
  3 small abominations (Gauntlet)
  A basilisk (shapeshifter) (Vaults:5)
  9 fire elementals
  2 basilisks
  4 vampire mosquitoes
  2 steam dragons
  An elf skeleton (Depths:4)
  14 wargs
  4 acid dragons
  A hydra simulacrum (Depths:3)
  3 soldier ants
  17 water moccasins
  A human skeleton (Depths:3)
  2 spectral trolls (Depths:3)
  12 hell hounds
  2 spectral spriggans (Depths:3)
  A floating eye (Depths:3)
  64 orc warriors
  10 ice beasts
  7 porcupines
  4 sky beasts
  A snapping turtle zombie (Depths:3)
  A large abomination (Gauntlet)
  4 black bears
  2 necrophages
  49 ogres
  3 phantoms
  18 boggarts
  28 wolves
  12 centaurs
  12 crocodiles
  Blork the orc (D:5)
  A big kobold (shapeshifter) (D:11)
  2 big kobolds
  19 bullfrogs
  A wyvern zombie (D:12)
  A glowing shapeshifter simulacrum (Depths:3)
  5 earth elementals
  A merfolk simulacrum (Depths:3)
  An ogre simulacrum (Vaults:1)
  A spectral naga (Depths:3)
  3 scorpions
  16 wights
  A spectral ogre (Depths:3)
  8 electric eels
  8 howler monkeys
  3 jellies
  5 lava snakes (Lair:3)
  2 spectral centaurs (Depths:3)
  4 centaur zombies
  7 crimson imps
  2 quasits
  A bullfrog zombie (D:11)
  8 hounds
  An iron imp (Depths:1)
  40 orc priests
  43 orc wizards
  3 bullfrog skeletons
  2 centaur skeletons
  A gnoll shaman (D:5)
  Terence (D:3)
  4 iguanas
  A troll simulacrum (Depths:3)
  4 worker ants
  A killer bee zombie (D:7)
  A hound zombie (D:5)
  2 hound skeletons
  A mummy (D:11)
  A howler monkey zombie (D:6)
  4 gnolls (D:5)
  6 adders
  4 shadow imps
  2 white imps
  An ufetubus (Vaults:1)
  An ooze (D:1)
  An adder skeleton (D:4)
  2 worms
  2 dart slugs
  6 leopard geckos
  157 orcs
  2 ball pythons
  6 giant cockroaches
  14 goblins
  6 hobgoblins
  7 jackals
  6 quokkas
  7 bats
  10 frilled lizards
  A goblin skeleton (D:6)
  A goblin zombie (D:6)
  5 hobgoblin zombies (D:6)
  18 kobolds
  A kobold zombie (D:6)
  3 leopard gecko skeletons
  4 orc skeletons (D:6)
  2 orc zombies (D:6)
  A quokka skeleton (D:8)
  9 rats
  2 crawling corpses (Vaults:5)
  2 plants
  2 tentacles (Shoals:2)
2226 creatures vanquished.

Vanquished Creatures (collateral kills)
  2 orcs (D:10)
2 creatures vanquished.

Vanquished Creatures (others)
  A vault warden (Vaults:2)
  3 stone giants
  6 yaktaur captains
  A centaur warrior (Depths:2)
  3 cyclopes
  A faun (Shoals:4)
  20 yaktaurs
  3 merfolk (Shoals:4)
  A centaur (D:14)
  An orc priest (D:15)
  An orc (D:12)
  A kobold (D:12)
  8 fungi
  33 plants
  4 tentacles (Shoals:2)
87 creatures vanquished.

Grand Total: 2315 creatures vanquished

Notes
Turn   | Place    | Note
-------+----------+-------------------------------------------
     0 | D:1      | MirrMurr the Vine Stalker Berserker began the quest for the
                  | Orb.
     0 | D:1      | Reached XP level 1. HP: 11/11 MP: 2/2
    40 | D:1      | Reached XP level 2. HP: 8/16 MP: 3/3
   220 | D:1      | Reached skill level 3 in Fighting
   413 | D:1      | Reached XP level 3. HP: 10/20 MP: 4/4
   416 | D:1      | Reached ** piety under Trog
  1266 | D:2      | Gained mutation: Your natural rate of healing is unusually
                  | fast. [Vine Stalker growth]
  1266 | D:2      | Reached XP level 4. HP: 20/24 MP: 5/5
  1569 | D:2      | Found a white marble altar of Elyvilon.
  1629 | D:2      | Noticed a hippogriff
  1644 | D:2      | Killed a hippogriff
  1644 | D:2      | Reached skill level 4 in Fighting
  1644 | D:2      | Reached skill level 5 in Polearms
  1644 | D:2      | Reached XP level 5. HP: 20/29 MP: 4/6
  1644 | D:2      | Reached XP level 6. HP: 23/33 MP: 4/7
  2246 | D:3      | Reached *** piety under Trog
  2440 | D:3      | Noticed Terence
  2452 | D:3      | Killed Terence
  3207 | D:4      | Noticed a phantom
  3232 | D:4      | Killed a phantom
  3232 | D:4      | Reached XP level 7. HP: 33/38 MP: 6/8
  3238 | D:4      | Found Itaif's Food Boutique.
  3407 | D:4      | Noticed Eustachio
  3421 | D:4      | Killed Eustachio
  3498 | D:4      | Found an opulent altar of Gozag.
  3559 | D:4      | Reached skill level 5 in Fighting
  3873 | D:5      | Entered Level 5 of the Dungeon
  3885 | D:5      | Noticed Blork the orc
  3893 | D:5      | Killed Blork the orc
  3918 | D:5      | Gained mutation: You have razor-sharp teeth. [Vine Stalker
                  | growth]
  3918 | D:5      | Reached XP level 8. HP: 28/43 MP: 9/9
  4565 | D:6      | Reached **** piety under Trog
  4634 | D:6      | Found a staircase to the Ecumenical Temple.
  4651 | D:6      | Reached skill level 6 in Fighting
  4665 | Temple   | Entered the Ecumenical Temple
  4715 | D:6      | Reached XP level 9. HP: 33/49 MP: 7/10
  4835 | D:6      | Found a bloodstained altar of Trog.
  4895 | D:6      | Found a glowing golden altar of the Shining One.
  5188 | D:6      | Found Visaj's General Store.
  5670 | D:7      | Noticed Joseph
  5683 | D:7      | Killed Joseph
  5683 | D:7      | Reached skill level 7 in Fighting
  5743 | D:6      | Reached ***** piety under Trog
  5743 | D:6      | Received a gift from Trog
  5956 | D:7      | Reached skill level 10 in Polearms
  5980 | D:7      | Found a shimmering blue altar of Sif Muna.
  6341 | D:8      | Reached XP level 10. HP: 56/56 MP: 8/11
  6513 | D:8      | Found a staircase to the Lair.
  6524 | D:8      | Reached skill level 8 in Fighting
  6931 | D:8      | Received a gift from Trog
  7476 | D:9      | Noticed a two-headed ogre
  7486 | D:9      | Killed a two-headed ogre
  8104 | D:10     | Entered Level 10 of the Dungeon
  8279 | D:10     | Found a transporter.
  8281 | D:10     | Noticed Vulpy's ghost (novice MiBe)
  8283 | D:10     | Noticed a four-headed hydra
  8314 | D:10     | Found a transporter.
  8382 | D:10     | Reached skill level 9 in Fighting
  8411 | D:10     | Noticed a two-headed ogre
  8426 | D:10     | HP: 3/87 [two-headed ogre/+0 giant club (18)]
  8428 | D:10     | Killed a two-headed ogre
  8428 | D:10     | Reached XP level 11. HP: 3/62 MP: 12/12
  8612 | D:10     | Found a staircase to the Orcish Mines.
  8627 | D:10     | Received a gift from Trog
  8633 | D:10     | Identified the +3 spear of Lies {pierce, rF++ rC+} (Trog
                  | gifted it to you on level 10 of the Dungeon)
  8852 | D:10     | Noticed a moth of wrath
  9202 | D:11     | Noticed a two-headed ogre
  9210 | D:11     | Killed a two-headed ogre
  9324 | D:11     | Found a transporter.
  9325 | D:11     | Noticed a two-headed ogre
  9334 | D:11     | Killed a two-headed ogre
  9373 | D:11     | Found a transporter.
  9474 | D:11     | Reached skill level 10 in Fighting
  9835 | D:11     | Noticed sikcd's ghost (journeyman GnWn)
 10108 | Lair:1   | Entered Level 1 of the Lair of Beasts
 10262 | Lair:1   | Received a gift from Trog
 10884 | Lair:1   | Gained mutation: You heal very quickly. [Vine Stalker
                  | growth]
 10884 | Lair:1   | Reached XP level 12. HP: 68/68 MP: 13/13
 10896 | Lair:1   | You fall into a shaft and drop 1 floor!
 10902 | Lair:2   | Got a translucent hunting sling
 10903 | Lair:2   | Identified the +11 hunting sling of Midsummer {flame,
                  | Int+4} (You found it on level 2 of the Lair of Beasts)
 11339 | Lair:2   | You fall into a shaft and drop 2 floors!
 11493 | Lair:4   | Found a frozen archway.
 11502 | Lair:4   | Reached skill level 1 in Slings
 11526 | IceCv    | Entered an ice cave
 11633 | IceCv    | Noticed a death yak
 11646 | IceCv    | Killed a death yak
 11646 | IceCv    | Reached skill level 11 in Fighting
 11816 | IceCv    | Received a gift from Trog
 12188 | IceCv    | Reached XP level 13. HP: 46/74 MP: 14/14
 12355 | IceCv    | Noticed a frost giant
 12382 | IceCv    | Killed a frost giant
 12382 | IceCv    | Reached skill level 12 in Fighting
 13105 | Lair:2   | Noticed Urug
 13116 | Lair:2   | Killed Urug
 13659 | Lair:3   | Reached skill level 5 in Armour
 13659 | Lair:3   | Reached skill level 5 in Dodging
 13676 | Lair:3   | Reached skill level 5 in Slings
 13704 | Lair:3   | Noticed Rupert
 13718 | Lair:3   | Killed Rupert
 13770 | Lair:3   | Received a gift from Trog
 13805 | Lair:3   | Found a staircase to the Shoals.
 14153 | Lair:3   | Noticed Fannar
 14162 | Lair:3   | Killed Fannar
 14624 | Lair:4   | Found a hole to the Spider Nest.
 14637 | Lair:4   | Reached skill level 13 in Fighting
 14799 | Lair:4   | Reached XP level 14. HP: 54/82 MP: 9/15
 15324 | Lair:5   | Identified 2 scrolls of acquirement
 15359 | Lair:5   | Got an ancient helmet
 15370 | Lair:5   | Identified the +0 helmet "Igopretz" {-Cast rF+ rC+ Str+4}
                  | (You acquired it on level 5 of the Lair of Beasts)
 15494 | Lair:5   | Found a gate leading to a gauntlet.
 15503 | Gauntlet | Entered a Gauntlet
 15503 | Gauntlet | Found a transporter.
 15503 | Gauntlet | Found a transporter.
 15503 | Gauntlet | Found a transporter.
 15504 | Gauntlet | Found a transporter.
 15507 | Gauntlet | Found a transporter.
 15507 | Gauntlet | Found a transporter.
 15519 | Gauntlet | Found a transporter.
 15521 | Gauntlet | Found a transporter.
 15531 | Gauntlet | Found a transporter.
 15633 | Gauntlet | Found a transporter.
 15635 | Gauntlet | Found a transporter.
 15645 | Gauntlet | Found a transporter.
 15849 | Gauntlet | Got a brightly glowing bone amulet
 15851 | Gauntlet | Identified the amulet of Syndicalism {Spirit Str+6 Int-2}
                  | (You found it in a Gauntlet)
 15870 | Gauntlet | Reached skill level 1 in Shields
 16797 | Lair:6   | Entered Level 6 of the Lair of Beasts
 16806 | Lair:6   | Received a gift from Trog
 16969 | Lair:6   | Got a steaming silver ring
 16971 | Lair:6   | Identified the ring of Juecs {rF+ Str+6 Slay+6} (You found
                  | it on level 6 of the Lair of Beasts)
 17301 | Lair:6   | Reached skill level 14 in Fighting
 17397 | Lair:6   | Found a burning altar of Makhleb.
 17466 | Lair:6   | Found a gateway to Hell.
 17674 | Lair:6   | Found a viscous altar of Jiyva.
 17674 | Lair:6   | Found a staircase to the Slime Pits.
 18205 | D:12     | Received a gift from Trog
 18248 | D:12     | Reached XP level 15. HP: 65/88 MP: 13/16
 18649 | D:12     | Reached skill level 5 in Shields
 19157 | D:13     | You are sucked into a shaft and drop 1 floor!
 19487 | D:13     | Received a gift from Trog
 19554 | D:13     | Reached skill level 15 in Fighting
 19914 | D:14     | Found a gate to the Vaults.
 20070 | D:14     | Received a gift from Trog
 20456 | D:14     | Got a pair of translucent gloves
 20467 | D:14     | Identified the +1 pair of gloves "Pattol" {rF+ rC+ Regen+
                  | Stlth+} (You found it on level 14 of the Dungeon)
 20799 | D:15     | Entered Level 15 of the Dungeon
 20999 | D:15     | Noticed Agnes
 21009 | D:15     | Killed Agnes
 21026 | D:15     | Found a sparkling altar of Nemelex Xobeh.
 21195 | D:15     | Found a gateway to a bazaar.
 21314 | Bazaar   | Entered a bazaar
 21318 | Bazaar   | Found Xoawkiel's Gadget Boutique.
 21336 | Bazaar   | Found Pifunnausm's Assorted Antiques.
 21353 | Bazaar   | Found Zimnoefi's Antique Armour Boutique.
 21370 | Bazaar   | Found Mofuow's Antique Armour Shoppe.
 21392 | Bazaar   | Bought a phantom mirror for 390 gold pieces
 21407 | Bazaar   | Bought a wand of digging (4) for 152 gold pieces
 21407 | Bazaar   | Bought a potion of haste for 190 gold pieces
 21407 | Bazaar   | Bought a scroll of identify for 38 gold pieces
 21407 | Bazaar   | Bought a potion of curing for 57 gold pieces
 21407 | Bazaar   | Bought a lumpy white potion for 17 gold pieces
 21407 | Bazaar   | Bought a wand of acid (5) for 152 gold pieces
 21407 | Bazaar   | Bought a garnet ring for 95 gold pieces
 21407 | Bazaar   | Bought a scroll of identify for 38 gold pieces
 21407 | Bazaar   | Bought a square platinum amulet for 95 gold pieces
 21407 | Bazaar   | Bought a scroll labeled QEOBAL NUIHOU for 19 gold pieces
 21446 | Bazaar   | Bought a pair of embroidered gloves for 172 gold pieces
 21538 | D:15     | Found a runed translucent door.
 21539 | D:15     | Noticed PentaManta's ghost (journeyman CeHu)
 21539 | D:15     | Identified the cursed +2 trident "Japoh" {pierce, Int+4}
 21556 | D:15     | Noticed Jorgrun
 21600 | D:15     | Killed Jorgrun
 21600 | D:15     | Received a gift from Trog
 21600 | D:15     | Reached XP level 16. HP: 83/96 MP: 17/17
 21650 | D:15     | Found Fusaemaywn's Blood Bar.
 21704 | D:15     | Found a staircase to the Depths.
 21828 | D:15     | Reached skill level 16 in Fighting
 21942 | Orc:1    | Entered Level 1 of the Orcish Mines
 22056 | Orc:2    | Entered Level 2 of the Orcish Mines
 22498 | Orc:2    | Received a gift from Trog
 22868 | Orc:2    | Got a bone hunting sling
 22869 | Orc:2    | Identified the +5 hunting sling of Annoyance {speed, rC+}
                  | (You found it on level 2 of the Orcish Mines)
 22936 | Orc:2    | Found a staircase to the Elven Halls.
 23124 | Orc:2    | Found a roughly hewn altar of Beogh.
 23145 | Orc:2    | Received a gift from Trog
 23155 | Orc:2    | Reached ****** piety under Trog
 23227 | Orc:2    | Found Fionaocs's Armour Boutique.
 23352 | Orc:2    | Found Gyahourgh's Weapon Shop.
 23565 | Orc:2    | Found Quh Dame's Antique Weapon Shoppe.
 23574 | Orc:2    | Reached skill level 10 in Slings
 23588 | Orc:2    | Found Xiumibaw's Weapon Emporium.
 23627 | Orc:2    | Found a roughly hewn altar of Beogh.
 24120 | Spider:1 | Entered Level 1 of the Spider Nest
 24202 | Spider:1 | Received a gift from Trog
 25012 | Spider:2 | Noticed Azrael
 25021 | Spider:2 | Killed Azrael
 25151 | Spider:2 | Reached skill level 17 in Fighting
 25184 | Spider:2 | Received a gift from Trog
 25451 | Spider:2 | Reached XP level 17. HP: 102/102 MP: 18/18
 26159 | Spider:3 | Received a gift from Trog
 26645 | Spider:4 | Entered Level 4 of the Spider Nest
 27002 | Spider:4 | Received a gift from Trog
 27267 | Spider:4 | Reached skill level 18 in Fighting
 27464 | Spider:4 | Reached skill level 10 in Shields
 28119 | Spider:4 | Got a gossamer rune of Zot
 28334 | Shoals:1 | Entered Level 1 of the Shoals
 28433 | Shoals:1 | Reached XP level 18. HP: 109/109 MP: 19/19
 28558 | Shoals:1 | Received a gift from Trog
 28801 | Shoals:1 | Found Ocukheot's Armour Boutique.
 28941 | Shoals:1 | Noticed Roxanne
 28959 | Shoals:1 | Killed Roxanne
 30006 | Shoals:2 | Received a gift from Trog
 30511 | Shoals:3 | Reached skill level 19 in Fighting
 31080 | Shoals:3 | Received a gift from Trog
 31300 | Shoals:4 | Entered Level 4 of the Shoals
 32077 | Shoals:4 | Reached XP level 19. HP: 116/116 MP: 20/20
 32098 | Shoals:4 | Received a gift from Trog
 32208 | Shoals:4 | Identified the +6 hand crossbow "Voudwum" {flame, Int+4}
 32327 | Shoals:4 | Got a barnacled rune of Zot
 32957 | Vaults:1 | Entered Level 1 of the Vaults
 33421 | Vaults:1 | Received a gift from Trog
 33630 | Vaults:1 | Reached skill level 20 in Fighting
 34540 | Vaults:2 | Received a gift from Trog
 34578 | Vaults:2 | Identified the +1 ring mail "Motol" {rF++ Int-5 Dex+5
                  | Stlth+}
 34635 | Vaults:2 | Found a staircase to the Crypt.
 34635 | Vaults:2 | Found an ancient bone altar of Kikubaaqudgha.
 34636 | Vaults:2 | Found a basalt altar of Yredelemnul.
 34873 | Vaults:2 | Reached XP level 20. HP: 95/123 MP: 21/21
 35000 | Vaults:2 | Received a gift from Trog
 35510 | Vaults:2 | Found Qaetzese's Antique Armour Shop.
 35518 | Vaults:2 | Bought a shiny shield for 187 gold pieces
 35684 | Vaults:3 | Noticed Xtahua
 35699 | Vaults:3 | Killed Xtahua
 35930 | Vaults:3 | Received a gift from Trog
 36052 | Vaults:3 | Noticed Aizul
 36061 | Vaults:3 | Killed Aizul
 36358 | Vaults:3 | Reached skill level 21 in Fighting
 36414 | Vaults:3 | Received a gift from Trog
 36542 | Vaults:3 | Found Ulyrisik's Book Shop.
 36723 | Vaults:3 | Found Turainali's Distillery.
 37106 | Vaults:4 | Found the ring of the Mage {Wiz MR++ Int+3}
 37223 | Vaults:4 | Reached XP level 21. HP: 113/130 MP: 18/22
 37485 | Vaults:4 | Found a shimmering altar of Xom.
 37514 | Vaults:4 | Received a gift from Trog
 38695 | D:15     | Upgraded the game from 0.25-a0-346-g140ab784a8 to
                  | 0.25-a0-353-ged6d54792d
 38696 | Depths:1 | Entered Level 1 of the Depths
 38805 | Depths:1 | Found a huge runed gate.
 38805 | Depths:1 | Found a huge runed gate.
 38805 | Depths:1 | Found a huge runed gate.
 38805 | Depths:1 | Found a huge runed gate.
 38805 | Depths:1 | Found a huge runed gate.
 38805 | Depths:1 | Found a huge runed gate.
 38813 | Depths:1 | Found a huge runed gate.
 38813 | Depths:1 | Found a huge runed gate.
 38813 | Depths:1 | Found a huge runed gate.
 38813 | Depths:1 | Found a huge runed gate.
 38842 | Depths:1 | Received a gift from Trog
 39042 | Depths:1 | Found a gateway to a ziggurat.
 39097 | Depths:1 | Found a huge runed gate.
 39097 | Depths:1 | Found a huge runed gate.
 39097 | Depths:1 | Found a huge runed gate.
 39097 | Depths:1 | Found a huge runed gate.
 39097 | Depths:1 | Found a huge runed gate.
 39099 | Depths:1 | Found a huge runed gate.
 39103 | Depths:1 | Found a huge runed gate.
 39104 | Depths:1 | Found a huge runed gate.
 39105 | Depths:1 | Found a huge runed gate.
 39106 | Depths:1 | Found a huge runed gate.
 39107 | Depths:1 | Found a huge runed gate.
 39148 | Depths:1 | You are sucked into a shaft and drop 1 floor!
 39170 | Depths:2 | Found a runed translucent gate.
 39170 | Depths:2 | Found a runed translucent gate.
 39170 | Depths:2 | Found a runed translucent gate.
 39176 | Depths:2 | Found an opulent altar of Gozag.
 39178 | Depths:2 | Noticed a caustic shrike
 39483 | Depths:2 | Reached skill level 10 in Dodging
 39500 | Depths:2 | Noticed Usmir's ghost (master KoEn)
 39538 | Depths:2 | Found Bavvyeg's Assorted Antiques.
 39571 | Depths:2 | Noticed a juggernaut
 39593 | Depths:2 | Reached skill level 10 in Armour
 39694 | Depths:2 | Received a gift from Trog
 40041 | Depths:1 | Noticed a juggernaut
 40068 | Depths:1 | Killed a juggernaut
 40068 | Depths:1 | Reached XP level 22. HP: 102/137 MP: 23/23
 40238 | Depths:1 | Reached skill level 22 in Fighting
 40553 | Depths:2 | Found a transporter.
 40832 | Depths:2 | Found Waivekuh's Gadget Emporium.
 40968 | Depths:3 | Received a gift from Trog
 41329 | Depths:3 | Found a one-way gate to the infinite horrors of the Abyss.
 41463 | Depths:3 | Received a gift from Trog
 41663 | Depths:3 | Reached XP level 23. HP: 142/142 MP: 23/27
 42230 | Depths:3 | Noticed an ancient lich
 42247 | Depths:3 | Killed an ancient lich
 42483 | Depths:3 | Found a one-way gate leading to the halls of Pandemonium.
 42767 | Depths:4 | Received a gift from Trog
 42787 | Depths:4 | Reached XP level 24. HP: 115/148 MP: 26/27
 42989 | Depths:4 | Reached skill level 15 in Shields
 43323 | Depths:4 | Found Velu's Assorted Antiques.
 43344 | Depths:4 | Reached skill level 23 in Fighting
 43464 | Depths:4 | Received a gift from Trog
 43878 | Depths:5 | Entered Level 5 of the Depths
 44234 | Depths:5 | Received a gift from Trog
 44318 | Depths:5 | HP: 7/149 [poisoned by a green draconian (poison gas)]
 44321 | Depths:5 | HP: 3/149 [green draconian] (1)]
 44322 | Depths:4 | HP: 1/149 [poisoned by a green draconian (poison gas)]
 44460 | Depths:5 | Got a pair of shimmering boots
 44484 | Depths:4 | Identified the +2 pair of boots of the Bull {rElec} (You
                  | acquired it on level 5 of the Depths)
 44694 | Depths:5 | Noticed a caustic shrike
 44696 | Depths:5 | Noticed a caustic shrike
 44698 | Depths:5 | Killed a caustic shrike
 44698 | Depths:5 | Noticed a caustic shrike
 44703 | Depths:5 | Killed a caustic shrike
 44707 | Depths:5 | Killed a caustic shrike
 44838 | Depths:5 | Received a gift from Trog
 45021 | Depths:5 | Reached XP level 25. HP: 155/155 MP: 27/27
 45672 | Depths:5 | Found a gate to the Realm of Zot.
 46122 | Elf:1    | Entered Level 1 of the Elven Halls
 46253 | Elf:1    | Received a gift from Trog
 46412 | Elf:1    | Found Zeshrou's Armour Shop.
 46412 | Elf:1    | Found Pyurchuem's Jewellery Boutique.
 46415 | Elf:1    | Found Qimnufipaori's Gadget Shop.
 46472 | Elf:1    | Found Riskiuh's Jewellery Boutique.
 47134 | Elf:2    | Found a huge runed gate.
 47134 | Elf:2    | Found a huge runed gate.
 47134 | Elf:2    | Found a huge runed gate.
 47134 | Elf:2    | Found a huge runed gate.
 47134 | Elf:2    | Found a huge runed gate.
 47134 | Elf:2    | Found a huge runed gate.
 47134 | Elf:2    | Found a huge runed gate.
 47134 | Elf:2    | Found a huge runed gate.
 47140 | Elf:2    | Found a huge runed gate.
 47146 | Elf:2    | Found a huge runed gate.
 47147 | Elf:2    | Found a huge runed gate.
 47159 | Elf:2    | Found a huge runed gate.
 47197 | Elf:2    | Found a huge runed gate.
 47197 | Elf:2    | Found a huge runed gate.
 47197 | Elf:2    | Found a huge runed gate.
 47197 | Elf:2    | Found a huge runed gate.
 47197 | Elf:2    | Found a huge runed gate.
 47199 | Elf:2    | Found a huge runed gate.
 47201 | Elf:2    | Found a huge runed gate.
 47228 | Elf:2    | Found a huge runed gate.
 47228 | Elf:2    | Found a huge runed gate.
 47228 | Elf:2    | Found a huge runed gate.
 47228 | Elf:2    | Found a huge runed gate.
 47228 | Elf:2    | Found a huge runed gate.
 47228 | Elf:2    | Found a huge runed gate.
 47228 | Elf:2    | Found a huge runed gate.
 47229 | Elf:2    | Found a huge runed gate.
 47230 | Elf:2    | Found a huge runed gate.
 47261 | Elf:2    | Found a shimmering altar of Xom.
 47378 | Elf:2    | Reached skill level 24 in Fighting
 47490 | Elf:2    | Received a gift from Trog
 47631 | Elf:2    | Found Jagalonu's Gadget Shop.
 47632 | Elf:2    | Found Neumpyll's Jewellery Emporium.
 47634 | Elf:2    | Found Quif's Gadget Shop.
 47642 | Elf:2    | Bought the ring "Ovaydann" {rPois rF+ AC+3 Int-4 SInv} for
                  | 455 gold pieces
 47695 | Elf:2    | Found a runed translucent gate.
 47695 | Elf:2    | Found a runed translucent gate.
 47695 | Elf:2    | Found a runed translucent gate.
 47742 | Elf:2    | Found a huge runed gate.
 47742 | Elf:2    | Found a huge runed gate.
 47742 | Elf:2    | Found a huge runed gate.
 47743 | Elf:2    | Found a huge runed gate.
 47783 | Elf:2    | Found a huge runed gate.
 47784 | Elf:2    | Found a huge runed gate.
 47847 | Elf:3    | Entered Level 3 of the Elven Halls
 48009 | Elf:3    | Found Luathreseck's Food Shop.
 48259 | Elf:3    | Received a gift from Trog
 48770 | Elf:3    | Identified the +11 hand axe "Hellblazer" {flame, rF+ Dex+4}
 48770 | Elf:3    | Identified the +1 robe "Noore" {rPois SInv}
 49202 | Elf:3    | Identified the ring "Ryteil" {rPois rC+ Str+4}
 49206 | Elf:3    | Identified the +3 gold dragon scales of Zatzuovur {+Fly
                  | rPois rF+ rC+ MR- Str+3 Dex+4}
 49239 | Elf:3    | Received a gift from Trog
 49254 | Elf:3    | Identified the ring "Pefool" {rF+ Dex+9 Stlth-}
 49352 | Elf:3    | Identified the cursed +1 war axe of Beogh's Approval
                  | {drain, Stlth+}
 49361 | Elf:3    | Identified the +4 rapier of Xyuto {flame, Str+4}
 49365 | Elf:3    | Identified the ring "Hualosa" {rN+ SInv}
 49399 | Elf:3    | Identified the +8 falchion of Anguish {slice, *Noise rPois
                  | rN+++ Str+3}
 49545 | Elf:3    | Identified the Grimoire of Dislocation and Evil
 49607 | Elf:3    | Found the +1 cloak of Starlight {rElec rC+ EV+4 Stlth--}
 49609 | Elf:3    | Found the +9 heavy crossbow "Sniper" {velocity, Acc+∞ SInv}
 50385 | Vaults:5 | Entered Level 5 of the Vaults
 50393 | Vaults:5 | Reached XP level 26. HP: 161/163 MP: 25/27
 50397 | Vaults:5 | Received a gift from Trog
 50710 | Vaults:5 | Reached skill level 25 in Fighting
 50710 | Vaults:5 | Received a gift from Trog
 51021 | Vaults:5 | Received a gift from Trog
 51024 | Vaults:5 | Identified the ring of Nomuice {*Slow rF+ rC+ Str+3}
 51206 | Vaults:5 | Identified the Collected Works on Darkness and Flames
 51298 | Vaults:5 | Identified the +0 large shield of the Will of the Gods
                  | {rElec rF- MR- Int+9} (You acquired it on level 5 of the
                  | Vaults)
 51306 | Vaults:5 | Identified the amulet "Vicoarecesch" {Spirit Dex+3} (You
                  | found it on level 5 of the Vaults)
 51418 | Vaults:5 | Got a brightly glowing turquoise ring
 51460 | Vaults:5 | Identified the ring "Atuaqefa" {rN+ MR+ rCorr Dex+2} (You
                  | found it on level 5 of the Vaults)
 51462 | Vaults:5 | Identified the +8 plate armour "Noabeuwe" {+Inv rC+ Str-4
                  | Int+3} (You found it on level 5 of the Vaults)
 51471 | Vaults:5 | Found Septuu's Book Shop.
 51632 | Vaults:5 | Found Erghol's Food Shoppe.
 51897 | Vaults:5 | Got a silver rune of Zot
 52073 | Vaults:5 | Reached XP level 27. HP: 170/170 MP: 27/27
 52427 | D:10     | Killed Vulpy's ghost
 52508 | D:11     | Killed sikcd's ghost
 52637 | D:15     | Killed PentaManta's ghost
 52791 | Depths:2 | Found a bloodstained altar of Trog.
 52792 | Depths:2 | Found the +8 Wrath of Trog {antimagic, *Rage}
 52842 | Depths:2 | Found a transporter.
 52842 | Depths:2 | Found a runed translucent door.
 52854 | Depths:2 | Mangled by an ettin

Levels and vault maps discovered:
D:1:      lightli_molten_gateway, layout_rooms, corexii_item_surrounded_by_moat
D:2:      layout_loops_ring, marbit_many_paths, first_ration,
          minmay_misc_feat_diagonals
D:3:      layout_basic, uniq_terence
D:4:      black_bear_nest_1, layout_basic, kennysheep_little_box, serial_shops,
          nicolae_shop_behind_doors, uniq_eustachio
D:5:      layout_basic, small_statue_alley_b, uniq_blork_the_orc
D:6:      layout_cave_pools, trog_ov_bears_minmay, minmay_temple_entry_tees,
          serial_shops, kennysheep_mini, nicolae_tso_besieged_by_evil
D:7:      layout_basic, lemuel_blue_sif_altar, uniq_joseph
D:8:      layout_cave_pools, erik_lair_orcish_takeover
D:9:      layout_gridville, minmay_fractal_squares_5
D:10:     layout_long_grid, orc_0_dummy, gammafunk_ghost_berserking_beasts,
          grunt_pizzeria
D:11:     layout_irregular_city, gammafunk_ghost_mausoleum
D:12:     layout_rooms, serial_bayou, serial_bayou_pond_c, serial_bayou_shore_a,
          serial_bayou_shore_b, serial_bayou_lake_a, minmay_pinched_square
D:13:     layout_gridville, kennysheep_generic_room_8
D:14:     layout_basic, lightli_vaults_fourway_checkpoint,
          minmay_misc_feat_rows, kennysheep_potato
D:15:     hangedman_depths_entry_try_elsewhere_first, layout_rooms,
          ebering_ghost_funeral_grove, serial_shops, statue_bzr,
          nemelex_xobeh_ov_fountains_minmay, guppyfry_shop_blood, uniq_agnes,
          uniq_jorgrun
Temple:   dpeg_five_rooms_temple
Lair:1:   layout_layer_cave
Lair:2:   layout_cave_pods, infiniplex_staircase_pool, uniq_urug
Lair:3:   cheibrodos_magma_flow, layout_cave_pods, shoals_dummy_entry,
          uniq_fannar, uniq_rupert
Lair:4:   layout_regular_city, spider_nest_entry_funnel_web,
          portal_ice_cave_entry_ice_beasts
Lair:5:   layout_regular_city, gauntlet_entry_generic
Lair:6:   evil_forest, layout_concentric_octagons,
          dpeg_slime_entry_enclosed_altar, minmay_lindwurm_lava,
          lemuel_fruit_tree
Shoals:1: layout_shoals, serial_shops, nicolae_shop_trees, uniq_roxanne
Shoals:2: layout_shoals
Shoals:3: layout_shoals
Shoals:4: shoals_end_simple, layout_shoals
Spider:1: layout_spider_delve, guppyfry_hornet_nest
Spider:2: layout_spider_delve, hangedman_spider_tarantella_strand, uniq_azrael
Spider:3: layout_spider_delve
Spider:4: spider_rune_water, drop_trap
Orc:1:    layout_diamond_mine
Orc:2:    pubby_orc_utopia
Elf:1:    elf_arrival_002, layout_geoelf_diagonals, evilmike_minifort,
          minmay_shop_enchanted_jewellery, minmay_shop_star
Elf:2:    layout_onion_city, basic_altar, door_vault, minmay_shop_grove,
          uniq_asterion
Elf:3:    minmay_elf_hall_not_hex, layout_geoelf_octagon, serial_shops,
          shop_fountains
Vaults:1: v_rooms_6, v_pattern_3, v_rooms_6, vaults_room_octagon, serial_ice_m,
          nicolae_vaults_border_crossing, vaults_dpeg_cross,
          nicolae_vaults_sealed_display, hangedman_vaults_slice,
          nicolae_vaults_little_squares_2, serial_ice_h, vaults_room_pool,
          ontoclasm_vaults_fault, grunt_vaults_hallway_long, layout_vaults_ring
Vaults:2: dpeg_vaults_waves, minmay_crypt_entry_necro_gods, vaults_dpeg_ring,
          v_misc_30, nicolae_vaults_angled_halls, hangedman_vaults_stitches,
          vaults_room_octagon, vaults_dpeg_diagonal, vaults_room_pools,
          ontoclasm_vaults_spin, v_misc_4, vaults_room_corners,
          dpeg_vaults_monster_box, layout_vaults_omnibox, serial_shops,
          nicolae_shop_crystal
Vaults:3: v_misc_18, vaults_standard_mumra_x, v_misc_9, vaults_room_semicircle,
          nicolae_vaults_network_star, v_misc_33, hangedman_vaults_capsules,
          st_spiral_rooms, v_alt_pattern_1, vaults_room_pool,
          grunt_vaults_bifocal, layout_vaults_omnicross, serial_shops, shop,
          nicolae_shop_behind_doors, uniq_aizul, uniq_xtahua
Vaults:4: v_misc_28, vaults_room_semicircle, hangedman_vaults_corner,
          ontoclasm_vaults_twist, v_misc_29, grunt_vaults_hallway_short,
          grunt_vaults_hallway_short, nicolae_vaults_rhombus_6,
          layout_vaults_omnigrid, serial_shops, bzr_in_the_mist, basic_altar
Vaults:5
Depths:1: layout_forbidden_donut, enter_ziggurat_e, glass_columns_a,
          grunt_hell_entry_dis_grunt, kennysheep_donut, grunt_ministairs_4,
          door_vault
Depths:2: emtedronai_trogs_sanctum, layout_basic, hell_entry, serial_shops,
          nicolae_shop_statue_plus, ebering_ghost_gozag
Depths:3: lemuel_river_lethe, hell_entry, pan_entry, abyss_entry
Depths:4: kennysheep_room_grid, layout_twisted_cross, abyss_entry_crystal,
          grunt_mini_vestibule, serial_shops, kennysheep_mini_moat,
          fountainhead, hangedman_abyss_or_decor_lesser_grid,
          kennysheep_generic_room_12, infiniplex_staircase_spiral
Depths:5: evilmike_zot_entry_diamond, layout_cave_pools, hell_entry,
          minmay_misc_feat_iff, hangedman_corner_corridor

Skill      XL: |  1  2  3  4  5  6  7  8  9 10 11 12 13 14 15 16 17 18 19 20 21 22 23 24 25 26 |
---------------+-------------------------------------------------------------------------------+-----
Polearms       | 3 5 6 7 8 10 12 13 14 | 14.0
Fighting       | 3 4 5 6 7 9 10 11 13 14 15 17 18 19 20 21 22 23 24 25 | 25.7
Armour         | 4 5 6 7 9 10 11 12 13 14 | 14.4
Dodging        | 4 5 6 7 9 10 11 12 13 14 | 14.4
Slings         | 3 5 7 9 10 11 12 | 12.0
Shields        | 4 7 8 10 11 12 13 14 15 | 15.1
Evocations     | 4 |  4.1

Action                   |  1- 3 |  4- 6 |  7- 9 | 10-12 | 13-15 | 16-18 | 19-21 | 22-24 | 25-27 || total
-------------------------+-------+-------+-------+-------+-------+-------+-------+-------+-------++-------
Melee: Spear             |   126 |   190 |   248 |       |       |       |       |       |       ||   564
       Bite              |    28 |    55 |   104 |   252 |   254 |   144 |   254 |   231 |   161 ||  1483
       Trident           |       |       |    87 |   668 |   344 |       |       |       |       ||  1099
       Demon trident     |       |       |       |       |   253 |   476 |   567 |   482 |   328 ||  2106
       Hunting sling     |       |       |       |       |       |       |     3 |       |       ||     3
 Fire: Hunting sling     |       |       |    25 |   286 |   420 |  1062 |   775 |   619 |   532 ||  3719
Throw: Stone             |       |       |       |       |       |       |       |       |     3 ||     3
       Javelin           |       |       |       |       |       |       |       |       |     2 ||     2
Invok: Berserk           |     3 |     2 |     6 |     5 |     7 |     1 |     1 |     2 |       ||    27
       Trog's Hand       |       |     1 |     1 |       |       |       |     1 |     1 |     3 ||     7
 Abil: Stop Flying       |       |       |       |       |       |       |       |       |     1 ||     1
Evoke: Wand              |       |       |       |       |     1 |       |     1 |       |       ||     2
  Use: Scroll            |     1 |     3 |     8 |    11 |    24 |    11 |     1 |     4 |    32 ||    95
       Potion            |       |       |       |       |       |       |       |     4 |       ||     4
 Stab: Sleeping          |     2 |       |       |       |       |       |       |       |       ||     2
       Petrified         |       |       |       |       |       |     3 |       |       |       ||     3
       Petrifying        |       |       |       |       |       |     1 |       |       |       ||     1
  Eat: Chunk             |     4 |     9 |    11 |    24 |    29 |    31 |    26 |    15 |    19 ||   168
       Ration            |       |       |     1 |       |     2 |     1 |       |     1 |     2 ||     7
Armor: Animal skin       |     6 |       |       |       |       |       |       |       |       ||     6
       Ring mail         |    13 |    20 |       |       |       |       |       |       |       ||    33
       Scale mail        |       |    30 |    30 |       |       |       |       |       |       ||    60
       Chain mail        |       |       |    71 |   236 |    43 |       |       |       |       ||   350
       Plate armour      |       |       |       |       |   118 |   207 |   120 |   179 |    52 ||   676
       Gold dragon scale |       |       |       |       |       |       |       |       |   103 ||   103
Dodge: Dodged            |    57 |    52 |    93 |   173 |    97 |   134 |    89 |   192 |   146 ||  1033
Block: Other             |       |       |    21 |    58 |     8 |       |       |       |       ||    87
       Reflection        |       |       |       |     5 |    27 |    35 |    90 |    62 |    80 ||   299
       Shield            |       |       |       |       |   168 |   397 |   343 |   506 |   321 ||  1735
       Large shield      |       |       |       |       |       |       |       |       |    64 ||    64

Table legend:
 A = Non-vault XP
 B = Vault XP
 C = Vault XP percentage of total XP
 D = Non-vault monster count
 E = Vault monster count
 F = Vault count percentage of total count
                 A         B        C        D         E       F
            +---------+---------+-------+---------+---------+-------
      Total |  593618 |  557737 |  48.4 |    1400 |     861 |  38.1
            +---------+---------+-------+---------+---------+-------
        D:1 |      64 |       0 |   0.0 |      35 |       0 |   0.0
        D:2 |     323 |       2 |   0.6 |      28 |       1 |   3.4
        D:3 |     143 |      38 |  21.0 |      26 |       1 |   3.7
        D:4 |     154 |     328 |  68.0 |       9 |       2 |  18.2
        D:5 |     428 |     100 |  18.9 |      14 |       1 |   6.7
        D:6 |     933 |     278 |  23.0 |      16 |      17 |  51.5
        D:7 |     610 |     450 |  42.5 |      18 |       1 |   5.3
        D:8 |    1380 |     635 |  31.5 |      32 |       9 |  22.0
        D:9 |    1866 |     505 |  21.3 |      24 |       4 |  14.3
       D:10 |    2305 |    3389 |  59.5 |      28 |       9 |  24.3
       D:11 |    5335 |    1288 |  19.4 |      43 |       4 |   8.5
       D:12 |    7526 |    4269 |  36.2 |      56 |      14 |  20.0
       D:13 |    5191 |     526 |   9.2 |      16 |       1 |   5.9
       D:14 |    6720 |    7376 |  52.3 |      30 |      14 |  31.8
       D:15 |   13597 |   11162 |  45.1 |      43 |      11 |  20.4
     Lair:1 |    2524 |       0 |   0.0 |      15 |       0 |   0.0
     Lair:2 |    2483 |     835 |  25.2 |      13 |       1 |   7.1
     Lair:3 |    9908 |    4763 |  32.5 |      28 |       9 |  24.3
     Lair:4 |    2312 |    1833 |  44.2 |       8 |      11 |  57.9
     Lair:5 |    6993 |       0 |   0.0 |      19 |       0 |   0.0
     Lair:6 |    3596 |   11856 |  76.7 |      13 |      30 |  69.8
   Shoals:1 |   15980 |    1860 |  10.4 |      35 |       1 |   2.8
   Shoals:2 |   11020 |       0 |   0.0 |      21 |       0 |   0.0
   Shoals:3 |   22269 |       0 |   0.0 |      51 |       0 |   0.0
   Shoals:4 |   18898 |   19170 |  50.4 |      40 |      32 |  44.4
   Spider:1 |   14703 |    1400 |   8.7 |      35 |       5 |  12.5
   Spider:2 |   12455 |    2646 |  17.5 |      36 |       9 |  20.0
   Spider:3 |   19327 |       0 |   0.0 |      59 |       0 |   0.0
   Spider:4 |   14466 |   21612 |  59.9 |      32 |      38 |  54.3
      Orc:1 |    2194 |       0 |   0.0 |      25 |       0 |   0.0
      Orc:2 |       0 |   18246 | 100.0 |       0 |     147 | 100.0
      Elf:1 |   11495 |    2815 |  19.7 |      19 |       5 |  20.8
      Elf:2 |   15902 |    1826 |  10.3 |      27 |       2 |   6.9
      Elf:3 |   21379 |   45573 |  68.1 |      37 |      31 |  45.6
   Vaults:1 |   15576 |   17106 |  52.3 |      23 |      38 |  62.3
   Vaults:2 |   28265 |   26009 |  47.9 |      38 |      37 |  49.3
   Vaults:3 |   36367 |   32568 |  47.2 |      65 |      34 |  34.3
   Vaults:4 |   42079 |   13335 |  24.1 |      66 |      16 |  19.5
   Vaults:5 |   28940 |  136944 |  82.6 |      49 |      92 |  65.2
   Depths:1 |   23893 |   24495 |  50.6 |      29 |      17 |  37.0
   Depths:2 |   36927 |     849 |   2.2 |      50 |       1 |   2.0
   Depths:3 |       0 |   70467 | 100.0 |       0 |     114 | 100.0
   Depths:4 |   64631 |   22135 |  25.5 |      75 |      20 |  21.1
   Depths:5 |   62461 |   30243 |  32.6 |      74 |      17 |  18.7
      IceCv |       0 |   14715 | 100.0 |       0 |      54 | 100.0
   Gauntlet |       0 |    4090 | 100.0 |       0 |      11 | 100.0
            +---------+---------+-------+---------+---------+-------
